[ AOE2 MATCH · #467513856 ]
Team RMSlavs vs Romans
[ REPLAY ANALYSIS · EXTRACTED FROM THE RECORDED GAME ]
Feudal
11:09
Castle
15:15
Imperial
34:27
| APM avg | 35.9 |
| APM peak | 88 |
| eAPM avg | 18.0 |
| Villagers / military | 182 / 183 |
Focus
⚔️ 20.5% · 🌾 79.5%
Scout Cavalry ×105 · Mangonel ×31 · Battering Ram ×27 · Militia ×10 · Trade Cart ×10 · Scorpion ×9
Feudal
10:32
Castle
15:15
Imperial
30:43
| APM avg | 27.8 |
| APM peak | 79 |
| eAPM avg | 16.1 |
| Villagers / military | 151 / 111 |
Focus
⚔️ 35.1% · 🌾 64.9%
Genoese Crossbowman ×103 · Unknown (882) ×55 · Trade Cart ×6 · Bombard Cannon ×5 · Monk ×2 · Mangonel ×1
Feudal
10:25
Castle
14:25
Imperial
34:26
| APM avg | 39.0 |
| APM peak | 81 |
| eAPM avg | 23.8 |
| Villagers / military | 169 / 218 |
Focus
⚔️ 27.9% · 🌾 72.1%
Knight ×168 · Conquistador ×38 · Mangonel ×7 · Battering Ram ×3 · Monk ×2
Feudal
11:21
Castle
15:16
Imperial
33:53
| APM avg | 35.8 |
| APM peak | 139 |
| eAPM avg | 27.3 |
| Villagers / military | 187 / 308 |
Focus
⚔️ 26.9% · 🌾 73.1%
Scorpion ×173 · Militia ×130 · Trade Cart ×11 · Centurion ×2 · Trebuchet (Packed) ×2 · Monk ×1
Feudal
11:06
Castle
14:36
Imperial
38:41
| APM avg | 30.1 |
| APM peak | 82 |
| eAPM avg | 15.8 |
| Villagers / military | 147 / 50 |
Focus
⚔️ 23.9% · 🌾 76.1%
Scorpion ×42 · Trade Cart ×20 · Battle Elephant ×5 · Mangonel ×3
Feudal
10:17
Castle
18:24
Imperial
36:52
| APM avg | 22.6 |
| APM peak | 58 |
| eAPM avg | 14.1 |
| Villagers / military | 152 / 234 |
Focus
⚔️ 37.8% · 🌾 62.2%
Woad Raider ×184 · Battering Ram ×25 · Spearman ×24 · Monk ×1
Match map
Resources at game start + every placement click. Thick line = wall · dashed box = detected house wall. 🟡 gold · ⚪ stone · 🟢 berries · 🔶 boar · ⭕ relic
Inputs per minute
— Speedy_oWn - - Uzbeg AoE
Build order — Speedy_oWn
First 150 of 397 actions detected
| 0:01 | Create | Villager (Male) |
| 0:01 | Create | Villager (Male) |
| 0:01 | Create | Villager (Male) |
| 0:01 | Create | Villager (Male) |
| 0:03 | Build | House |
| 0:06 | Build | House |
| 1:34 | Create | Villager (Male) |
| 2:09 | Create | Villager (Male) |
| 2:23 | Build | Lumber Camp |
| 2:32 | Create | Villager (Male) |
| 2:32 | Create | Villager (Male) |
| 2:43 | Build | House |
| 2:44 | Build | House |
| 2:57 | Create | Villager (Male) |
| 3:25 | Create | Villager (Male) |
| 3:25 | Create | Villager (Male) |
| 4:09 | Create | Villager (Male) |
| 4:10 | Create | Villager (Male) |
| 4:39 | Create | Villager (Male) |
| 5:08 | Build | Mill |
| 5:20 | Create | Villager (Male) |
| 5:20 | Create | Villager (Male) |
| 6:21 | Create | Villager (Male) |
| 6:21 | Create | Villager (Male) |
| 6:34 | Create | Villager (Male) |
| 7:23 | Create | Villager (Male) |
| 7:23 | Create | Villager (Male) |
| 7:24 | Create | Villager (Male) |
| 7:25 | Create | Villager (Male) |
| 7:42 | Build | Mining Camp |
| 8:59 | Research | Feudal Age |
| 9:11 | Build | Barracks |
| 9:16 | Build | Farm |
| 9:18 | Build | Farm |
| 9:35 | Build | Farm |
| 9:39 | Build | Farm |
| 9:53 | Create | Villager (Male) |
| 9:53 | Create | Villager (Male) |
| 11:09 | Age | Feudal Age |
| 11:10 | Build | Stable |
| 11:12 | Build | Blacksmith |
| 11:55 | Create | Villager (Male) |
| 12:35 | Research | Castle Age |
| 13:02 | Research | Double-Bit Axe |
| 13:20 | Research | Horse Collar |
| 13:31 | Build | Lumber Camp |
| 14:08 | Build | Farm |
| 14:16 | Research | Loom |
| 14:18 | Create | Spearman |
| 15:15 | Age | Castle Age |
| 15:19 | Build | Town Center |
| 15:33 | Research | Heavy Plow |
| 15:50 | Research | Wheelbarrow |
| 16:28 | Research | Bow Saw |
| 16:51 | Build | Farm |
| 16:54 | Build | Farm |
| 16:55 | Build | Farm |
| 16:56 | Build | Farm |
| 16:58 | Create | Villager (Male) |
| 17:12 | Build | Farm |
| 17:14 | Build | Farm |
| 17:21 | Create | Villager (Male) |
| 17:34 | Create | Villager (Male) |
| 17:37 | Build | Farm |
| 17:56 | Build | Farm |
| 17:58 | Build | Farm |
| 17:58 | Build | Farm |
| 18:00 | Create | Villager (Male) |
| 18:06 | Create | Villager (Male) |
| 18:18 | Build | Siege Workshop |
| 18:25 | Create | Villager (Male) |
| 18:31 | Create | Villager (Male) |
| 18:40 | Build | Farm |
| 18:45 | Build | House |
| 18:47 | Create | Villager (Male) |
| 18:51 | Build | House |
| 18:54 | Create | Villager (Male) |
| 19:00 | Build | House |
| 19:01 | Build | House |
| 19:22 | Create | Battering Ram |
| 19:24 | Create | Villager (Male) |
| 19:25 | Create | Villager (Male) |
| 19:28 | Build | House |
| 20:03 | Create | Villager (Male) |
| 20:03 | Create | Villager (Male) |
| 20:07 | Create | Mangonel |
| 20:08 | Create | Mangonel |
| 20:28 | Create | Villager (Male) |
| 20:29 | Create | Villager (Male) |
| 20:38 | Create | Villager (Male) |
| 20:39 | Create | Villager (Male) |
| 20:41 | Build | House |
| 20:42 | Build | House |
| 20:43 | Build | House |
| 21:00 | Build | Farm |
| 21:01 | Build | Farm |
| 21:02 | Build | Farm |
| 21:03 | Build | Farm |
| 21:04 | Build | Farm |
| 21:05 | Build | Farm |
| 21:05 | Create | Villager (Male) |
| 21:05 | Create | Villager (Male) |
| 21:17 | Research | Light Cavalry (upgrade) |
| 21:20 | Build | Stable |
| 21:20 | Create | Villager (Male) |
| 21:21 | Create | Villager (Male) |
| 21:21 | Create | Villager (Male) |
| 21:43 | Build | House |
| 21:43 | Build | House |
| 21:47 | Research | Bloodlines |
| 21:52 | Create | Villager (Male) |
| 21:52 | Create | Villager (Male) |
| 22:07 | Create | Battering Ram |
| 22:16 | Research | Husbandry |
| 22:20 | Create | Villager (Male) |
| 22:34 | Build | Siege Workshop |
| 22:41 | Create | Villager (Male) |
| 22:41 | Create | Villager (Male) |
| 22:44 | Build | House |
| 22:45 | Build | House |
| 22:45 | Build | House |
| 22:48 | Create | Scout Cavalry |
| 22:55 | Build | House |
| 22:56 | Build | House |
| 23:11 | Create | Scout Cavalry |
| 23:11 | Create | Scout Cavalry |
| 23:16 | Research | Scale Barding Armor |
| 24:00 | Create | Villager (Male) |
| 24:00 | Create | Villager (Male) |
| 24:01 | Create | Villager (Male) |
| 24:03 | Create | Scout Cavalry |
| 24:03 | Create | Scout Cavalry |
| 24:04 | Create | Villager (Male) |
| 24:04 | Create | Villager (Male) |
| 24:08 | Build | Mill |
| 24:10 | Build | Farm |
| 24:11 | Build | Farm |
| 24:11 | Build | Farm |
| 24:12 | Build | Farm |
| 24:13 | Build | Farm |
| 24:14 | Build | Farm |
| 24:15 | Build | Farm |
| 24:16 | Build | Farm |
| 24:16 | Build | Farm |
| 24:17 | Build | Farm |
| 24:19 | Create | Villager (Male) |
| 24:19 | Create | Villager (Male) |
| 24:19 | Create | Villager (Male) |
| 24:25 | Build | University |
| 24:42 | Research | Forging |
Build order — Uzbeg AoE
First 150 of 496 actions detected
| 0:01 | Create | Villager (Male) |
| 0:01 | Create | Villager (Male) |
| 0:02 | Create | Villager (Male) |
| 0:02 | Create | Villager (Male) |
| 0:02 | Create | Villager (Male) |
| 0:02 | Create | Villager (Male) |
| 0:05 | Build | House |
| 0:08 | Build | House |
| 1:23 | Create | Villager (Male) |
| 1:24 | Create | Villager (Male) |
| 1:48 | Build | Lumber Camp |
| 2:03 | Create | Villager (Male) |
| 2:03 | Create | Villager (Male) |
| 2:15 | Create | Villager (Male) |
| 3:10 | Create | Villager (Male) |
| 3:10 | Create | Villager (Male) |
| 3:10 | Create | Villager (Male) |
| 3:57 | Research | Loom |
| 4:11 | Build | Mill |
| 4:25 | Create | Villager (Male) |
| 4:25 | Create | Villager (Male) |
| 4:55 | Create | Villager (Male) |
| 4:56 | Create | Villager (Male) |
| 4:56 | Create | Villager (Male) |
| 4:56 | Create | Villager (Male) |
| 5:20 | Build | House |
| 5:26 | Create | Villager (Male) |
| 5:26 | Create | Villager (Male) |
| 5:38 | Build | House |
| 5:43 | Create | Villager (Male) |
| 6:09 | Create | Villager (Male) |
| 6:17 | Create | Villager (Male) |
| 6:17 | Create | Villager (Male) |
| 7:01 | Create | Villager (Male) |
| 7:13 | Build | House |
| 8:10 | Create | Villager (Male) |
| 8:21 | Research | Feudal Age |
| 8:31 | Build | House |
| 8:56 | Build | Mining Camp |
| 10:32 | Create | Villager (Male) |
| 10:32 | Age | Feudal Age |
| 10:33 | Create | Villager (Male) |
| 10:43 | Build | Blacksmith |
| 10:48 | Build | Market |
| 10:56 | Create | Villager (Male) |
| 11:35 | Create | Villager (Male) |
| 12:15 | Build | Mining Camp |
| 12:35 | Research | Castle Age |
| 12:35 | Research | Castle Age |
| 12:46 | Research | Double-Bit Axe |
| 12:49 | Research | Horse Collar |
| 12:52 | Build | Farm |
| 12:57 | Build | Farm |
| 13:00 | Build | Farm |
| 13:04 | Build | Farm |
| 13:07 | Build | Farm |
| 13:28 | Create | Villager (Male) |
| 13:28 | Create | Villager (Male) |
| 13:57 | Research | Gold Mining |
| 14:16 | Create | Villager (Male) |
| 14:16 | Create | Villager (Male) |
| 14:46 | Create | Villager (Male) |
| 14:59 | Build | House |
| 15:04 | Create | Villager (Male) |
| 15:15 | Age | Castle Age |
| 15:20 | Build | Siege Workshop |
| 15:53 | Build | Monastery |
| 16:00 | Create | Villager (Male) |
| 16:05 | Create | Mangonel |
| 16:23 | Create | Villager (Male) |
| 16:33 | Build | Farm |
| 16:34 | Build | Farm |
| 16:40 | Create | Monk |
| 17:04 | Build | Farm |
| 17:05 | Build | Farm |
| 17:09 | Create | Villager (Male) |
| 17:09 | Create | Villager (Male) |
| 17:15 | Research | Fervor |
| 17:56 | Create | Villager (Male) |
| 17:56 | Create | Villager (Male) |
| 17:56 | Create | Villager (Male) |
| 18:12 | Build | Town Center |
| 18:28 | Create | Villager (Male) |
| 18:28 | Create | Villager (Male) |
| 18:44 | Create | Villager (Male) |
| 18:45 | Create | Villager (Male) |
| 19:20 | Create | Villager (Male) |
| 19:20 | Create | Villager (Male) |
| 19:53 | Build | Farm |
| 19:53 | Build | Farm |
| 19:53 | Build | Farm |
| 19:55 | Create | Villager (Male) |
| 19:55 | Create | Villager (Male) |
| 20:12 | Build | Town Center |
| 20:46 | Create | Villager (Male) |
| 20:46 | Create | Villager (Male) |
| 20:46 | Create | Villager (Male) |
| 20:56 | Build | Farm |
| 20:56 | Build | Farm |
| 20:57 | Build | Farm |
| 21:16 | Create | Villager (Male) |
| 21:31 | Create | Villager (Male) |
| 21:31 | Create | Villager (Male) |
| 21:46 | Build | House |
| 21:48 | Build | House |
| 21:51 | Create | Villager (Male) |
| 21:51 | Create | Villager (Male) |
| 21:59 | Research | Wheelbarrow |
| 22:02 | Create | Villager (Male) |
| 22:03 | Create | Villager (Male) |
| 22:03 | Create | Villager (Male) |
| 22:41 | Create | Villager (Male) |
| 22:41 | Create | Villager (Male) |
| 22:53 | Build | Castle |
| 23:03 | Create | Villager (Male) |
| 23:04 | Create | Villager (Male) |
| 23:19 | Build | Farm |
| 23:21 | Build | Farm |
| 23:21 | Build | Farm |
| 23:21 | Build | Farm |
| 23:22 | Build | Farm |
| 23:30 | Build | Farm |
| 23:31 | Build | Farm |
| 23:31 | Build | Farm |
| 23:32 | Build | Farm |
| 23:34 | Create | Villager (Male) |
| 23:34 | Create | Villager (Male) |
| 23:34 | Create | Villager (Male) |
| 23:39 | Create | Villager (Male) |
| 23:39 | Create | Villager (Male) |
| 23:58 | Build | Farm |
| 23:59 | Build | Farm |
| 23:59 | Build | Farm |
| 23:59 | Build | Farm |
| 24:28 | Create | Villager (Male) |
| 24:29 | Create | Villager (Male) |
| 24:29 | Create | Villager (Male) |
| 24:41 | Create | Villager (Male) |
| 24:41 | Create | Villager (Male) |
| 24:52 | Build | Farm |
| 24:52 | Build | Farm |
| 24:52 | Build | Farm |
| 24:55 | Create | Villager (Male) |
| 24:56 | Create | Villager (Male) |
| 24:56 | Create | Villager (Male) |
| 25:24 | Build | Farm |
| 25:24 | Build | Farm |
| 25:24 | Build | Farm |
| 25:25 | Build | Farm |
| 25:27 | Create | Villager (Male) |
Build order — Crozz_1
First 150 of 447 actions detected
| 0:01 | Create | Villager (Male) |
| 0:01 | Create | Villager (Male) |
| 0:03 | Build | House |
| 0:03 | Create | Villager (Male) |
| 0:05 | Build | House |
| 0:05 | Create | Villager (Male) |
| 1:09 | Create | Villager (Male) |
| 1:10 | Create | Villager (Male) |
| 1:43 | Create | Villager (Male) |
| 1:43 | Create | Villager (Male) |
| 1:46 | Build | Lumber Camp |
| 2:09 | Create | Villager (Male) |
| 2:09 | Create | Villager (Male) |
| 2:45 | Create | Villager (Male) |
| 2:46 | Create | Villager (Male) |
| 3:04 | Create | Villager (Male) |
| 3:04 | Create | Villager (Male) |
| 3:04 | Create | Villager (Male) |
| 3:44 | Create | Villager (Male) |
| 3:55 | Build | House |
| 3:57 | Build | House |
| 3:59 | Build | House |
| 4:03 | Create | Villager (Male) |
| 4:16 | Build | Mill |
| 4:47 | Create | Villager (Male) |
| 5:00 | Create | Villager (Male) |
| 5:08 | Create | Villager (Male) |
| 5:09 | Create | Villager (Male) |
| 6:10 | Create | Villager (Male) |
| 6:14 | Create | Villager (Male) |
| 6:54 | Create | Villager (Male) |
| 7:22 | Create | Villager (Male) |
| 7:48 | Create | Villager (Male) |
| 8:08 | Research | Feudal Age |
| 8:08 | Research | Feudal Age |
| 8:28 | Build | Mining Camp |
| 9:04 | Build | Farm |
| 10:05 | Create | Villager (Male) |
| 10:25 | Create | Villager (Male) |
| 10:25 | Age | Feudal Age |
| 10:27 | Build | Market |
| 10:30 | Build | Blacksmith |
| 11:24 | Build | Farm |
| 11:45 | Research | Castle Age |
| 12:55 | Create | Villager (Male) |
| 13:03 | Build | House |
| 13:06 | Build | House |
| 13:21 | Build | Mining Camp |
| 14:00 | Create | Villager (Male) |
| 14:19 | Research | Double-Bit Axe |
| 14:25 | Age | Castle Age |
| 14:32 | Create | Villager (Male) |
| 14:48 | Research | Loom |
| 15:04 | Build | Farm |
| 15:06 | Build | Farm |
| 15:17 | Create | Villager (Male) |
| 15:28 | Build | Castle |
| 15:29 | Create | Villager (Male) |
| 15:31 | Build | Farm |
| 15:33 | Build | Farm |
| 15:43 | Create | Villager (Male) |
| 15:47 | Build | Farm |
| 15:49 | Create | Villager (Male) |
| 16:04 | Create | Villager (Male) |
| 16:11 | Create | Villager (Male) |
| 16:14 | Build | Farm |
| 16:15 | Build | Farm |
| 16:35 | Create | Villager (Male) |
| 17:05 | Build | Farm |
| 17:15 | Create | Villager (Male) |
| 17:18 | Build | Farm |
| 17:18 | Create | Villager (Male) |
| 17:34 | Build | Monastery |
| 17:42 | Create | Conquistador |
| 17:42 | Create | Conquistador |
| 17:43 | Create | Conquistador |
| 17:58 | Create | Monk |
| 18:02 | Build | Lumber Camp |
| 18:12 | Create | Conquistador |
| 18:12 | Create | Conquistador |
| 18:12 | Create | Villager (Male) |
| 18:32 | Create | Conquistador |
| 18:32 | Create | Conquistador |
| 18:47 | Create | Villager (Male) |
| 18:58 | Build | Siege Workshop |
| 18:58 | Create | Villager (Male) |
| 19:04 | Build | Siege Workshop |
| 19:15 | Create | Conquistador |
| 19:15 | Create | Conquistador |
| 19:39 | Create | Battering Ram |
| 19:52 | Create | Villager (Male) |
| 20:37 | Create | Conquistador |
| 20:37 | Create | Conquistador |
| 20:37 | Create | Conquistador |
| 20:37 | Create | Conquistador |
| 20:57 | Create | Villager (Male) |
| 21:07 | Create | Conquistador |
| 21:07 | Create | Conquistador |
| 21:40 | Create | Villager (Male) |
| 21:43 | Create | Conquistador |
| 21:43 | Create | Conquistador |
| 21:43 | Create | Conquistador |
| 22:03 | Create | Conquistador |
| 22:15 | Create | Villager (Male) |
| 22:39 | Create | Villager (Male) |
| 22:39 | Create | Villager (Male) |
| 22:52 | Build | Farm |
| 22:52 | Build | Farm |
| 22:52 | Build | Farm |
| 22:52 | Build | Farm |
| 22:52 | Build | Farm |
| 22:52 | Build | Farm |
| 22:52 | Build | Farm |
| 22:52 | Build | Farm |
| 22:53 | Build | Farm |
| 22:53 | Build | Farm |
| 22:53 | Build | Farm |
| 22:54 | Create | Villager (Male) |
| 22:55 | Create | Villager (Male) |
| 23:01 | Create | Conquistador |
| 23:21 | Create | Villager (Male) |
| 23:35 | Create | Conquistador |
| 23:43 | Create | Villager (Male) |
| 23:45 | Create | Conquistador |
| 23:45 | Create | Conquistador |
| 23:45 | Create | Conquistador |
| 24:13 | Create | Villager (Male) |
| 24:25 | Create | Conquistador |
| 24:25 | Create | Conquistador |
| 24:26 | Create | Villager (Male) |
| 24:40 | Build | Farm |
| 24:41 | Create | Villager (Male) |
| 24:44 | Create | Villager (Male) |
| 24:47 | Create | Villager (Male) |
| 24:54 | Create | Battering Ram |
| 24:55 | Create | Battering Ram |
| 25:09 | Build | Farm |
| 25:24 | Create | Conquistador |
| 25:24 | Create | Conquistador |
| 25:25 | Create | Conquistador |
| 25:25 | Create | Conquistador |
| 25:26 | Create | Villager (Male) |
| 25:27 | Create | Villager (Male) |
| 25:37 | Create | Villager (Male) |
| 25:46 | Create | Monk |
| 25:47 | Create | Villager (Male) |
| 25:55 | Create | Villager (Male) |
| 25:59 | Build | Farm |
| 26:01 | Build | Farm |
| 26:04 | Build | Farm |
Build order — Daew 優勝者
First 150 of 490 actions detected
| 0:01 | Create | Villager (Male) |
| 0:01 | Create | Villager (Male) |
| 0:01 | Create | Villager (Male) |
| 0:04 | Build | House |
| 0:05 | Build | House |
| 0:31 | Create | Villager (Male) |
| 0:31 | Create | Villager (Male) |
| 1:24 | Create | Villager (Male) |
| 1:24 | Create | Villager (Male) |
| 1:28 | Build | Lumber Camp |
| 2:05 | Create | Villager (Male) |
| 2:05 | Create | Villager (Male) |
| 2:15 | Create | Villager (Male) |
| 2:16 | Create | Villager (Male) |
| 2:44 | Create | Villager (Male) |
| 3:19 | Create | Villager (Male) |
| 3:27 | Build | House |
| 4:00 | Create | Villager (Male) |
| 4:00 | Create | Villager (Male) |
| 4:03 | Create | Villager (Male) |
| 4:03 | Create | Villager (Male) |
| 4:29 | Create | Villager (Male) |
| 4:29 | Create | Villager (Male) |
| 5:34 | Build | Mill |
| 5:38 | Create | Villager (Male) |
| 5:38 | Create | Villager (Male) |
| 5:46 | Build | House |
| 5:52 | Create | Villager (Male) |
| 6:16 | Create | Villager (Male) |
| 7:01 | Create | Villager (Male) |
| 7:24 | Build | House |
| 7:29 | Create | Villager (Male) |
| 7:48 | Create | Villager (Male) |
| 8:18 | Build | Farm |
| 8:19 | Build | Farm |
| 8:31 | Create | Villager (Male) |
| 8:43 | Build | Farm |
| 9:07 | Build | Mining Camp |
| 9:11 | Research | Feudal Age |
| 9:29 | Build | Farm |
| 9:40 | Create | Villager (Male) |
| 10:08 | Build | House |
| 10:59 | Build | Mining Camp |
| 11:10 | Create | Villager (Male) |
| 11:21 | Age | Feudal Age |
| 11:22 | Build | Blacksmith |
| 11:31 | Build | Market |
| 11:41 | Create | Villager (Male) |
| 12:28 | Research | Castle Age |
| 12:46 | Research | Double-Bit Axe |
| 13:07 | Create | Villager (Male) |
| 13:16 | Research | Horse Collar |
| 13:24 | Build | Farm |
| 13:28 | Build | Farm |
| 13:33 | Build | Farm |
| 13:42 | Create | Villager (Male) |
| 14:00 | Research | Stone Mining |
| 14:22 | Research | Gold Mining |
| 14:46 | Create | Villager (Male) |
| 15:16 | Age | Castle Age |
| 15:20 | Build | Town Center |
| 15:27 | Build | House |
| 15:31 | Create | Villager (Male) |
| 15:44 | Create | Villager (Male) |
| 15:55 | Research | Bow Saw |
| 16:16 | Create | Villager (Male) |
| 16:17 | Create | Villager (Male) |
| 16:20 | Create | Villager (Male) |
| 16:29 | Build | Farm |
| 16:29 | Build | Farm |
| 16:30 | Build | Farm |
| 16:30 | Build | Farm |
| 16:30 | Build | Farm |
| 16:31 | Build | Farm |
| 16:31 | Build | Farm |
| 16:31 | Build | Farm |
| 16:35 | Create | Villager (Male) |
| 16:35 | Create | Villager (Male) |
| 16:37 | Create | Villager (Male) |
| 16:45 | Build | Farm |
| 16:46 | Build | Farm |
| 16:52 | Create | Villager (Male) |
| 17:05 | Create | Villager (Male) |
| 17:05 | Create | Villager (Male) |
| 17:38 | Create | Villager (Male) |
| 17:38 | Create | Villager (Male) |
| 17:39 | Create | Villager (Male) |
| 17:46 | Create | Villager (Male) |
| 17:56 | Build | Farm |
| 17:57 | Build | Farm |
| 18:03 | Build | Farm |
| 18:03 | Build | Farm |
| 18:04 | Create | Villager (Male) |
| 18:29 | Build | Town Center |
| 18:31 | Create | Villager (Male) |
| 18:33 | Create | Villager (Male) |
| 18:33 | Create | Villager (Male) |
| 18:47 | Create | Villager (Male) |
| 19:01 | Create | Villager (Male) |
| 19:08 | Build | Farm |
| 19:11 | Create | Villager (Male) |
| 19:17 | Build | House |
| 19:19 | Build | House |
| 19:23 | Create | Villager (Male) |
| 19:23 | Create | Villager (Male) |
| 19:35 | Create | Villager (Male) |
| 19:35 | Create | Villager (Male) |
| 19:36 | Create | Villager (Male) |
| 19:43 | Build | Monastery |
| 19:47 | Create | Villager (Male) |
| 19:53 | Create | Villager (Male) |
| 19:54 | Create | Villager (Male) |
| 19:59 | Build | Farm |
| 19:59 | Build | Farm |
| 20:13 | Research | Heavy Plow |
| 20:13 | Research | Heavy Plow |
| 20:16 | Create | Villager (Male) |
| 20:16 | Create | Villager (Male) |
| 20:17 | Create | Villager (Male) |
| 20:25 | Create | Villager (Male) |
| 20:26 | Create | Villager (Male) |
| 20:31 | Build | House |
| 20:33 | Build | House |
| 20:34 | Build | House |
| 20:36 | Build | House |
| 20:49 | Create | Villager (Male) |
| 20:49 | Create | Villager (Male) |
| 20:49 | Create | Villager (Male) |
| 20:50 | Create | Villager (Male) |
| 20:57 | Build | Siege Workshop |
| 21:07 | Create | Villager (Male) |
| 21:07 | Create | Villager (Male) |
| 21:08 | Create | Villager (Male) |
| 21:11 | Build | Farm |
| 21:12 | Create | Villager (Male) |
| 21:31 | Build | Town Center |
| 21:36 | Create | Villager (Male) |
| 21:36 | Create | Villager (Male) |
| 21:40 | Create | Villager (Male) |
| 21:40 | Create | Villager (Male) |
| 21:41 | Create | Villager (Male) |
| 21:51 | Build | Siege Workshop |
| 21:54 | Create | Villager (Male) |
| 21:54 | Create | Villager (Male) |
| 22:03 | Research | Gold Shaft Mining |
| 22:05 | Create | Villager (Male) |
| 22:06 | Create | Villager (Male) |
| 22:06 | Create | Villager (Male) |
| 22:12 | Build | Farm |
| 22:12 | Build | Farm |
Build order — Sadajaru
First 150 of 318 actions detected
| 0:00 | Create | Villager (Male) |
| 0:01 | Create | Villager (Male) |
| 0:01 | Create | Villager (Male) |
| 0:03 | Build | House |
| 0:05 | Build | House |
| 0:25 | Create | Villager (Male) |
| 1:24 | Create | Villager (Male) |
| 2:00 | Create | Villager (Male) |
| 2:19 | Create | Villager (Male) |
| 2:19 | Create | Villager (Male) |
| 2:55 | Create | Villager (Male) |
| 2:56 | Create | Villager (Male) |
| 2:56 | Create | Villager (Male) |
| 2:56 | Create | Villager (Male) |
| 3:15 | Create | Villager (Male) |
| 3:24 | Build | Lumber Camp |
| 3:31 | Build | House |
| 4:02 | Create | Villager (Male) |
| 4:17 | Build | Mill |
| 4:19 | Create | Villager (Male) |
| 4:19 | Create | Villager (Male) |
| 4:51 | Create | Villager (Male) |
| 4:52 | Create | Villager (Male) |
| 4:52 | Create | Villager (Male) |
| 5:20 | Build | House |
| 6:01 | Create | Villager (Male) |
| 6:01 | Create | Villager (Male) |
| 6:16 | Create | Villager (Male) |
| 6:29 | Create | Villager (Male) |
| 6:30 | Create | Villager (Male) |
| 6:40 | Create | Villager (Male) |
| 6:56 | Build | Mining Camp |
| 7:18 | Create | Villager (Male) |
| 8:30 | Build | House |
| 8:55 | Research | Feudal Age |
| 9:17 | Build | Farm |
| 9:32 | Create | Villager (Male) |
| 9:33 | Create | Villager (Male) |
| 9:54 | Build | Farm |
| 9:57 | Build | Farm |
| 10:21 | Build | Farm |
| 10:45 | Build | Farm |
| 11:06 | Age | Feudal Age |
| 11:16 | Research | Loom |
| 11:51 | Research | Castle Age |
| 12:02 | Research | Double-Bit Axe |
| 12:27 | Research | Horse Collar |
| 12:28 | Research | Horse Collar |
| 12:41 | Build | Farm |
| 12:45 | Build | Farm |
| 13:20 | Build | House |
| 13:57 | Create | Villager (Male) |
| 14:36 | Age | Castle Age |
| 14:44 | Build | Town Center |
| 14:50 | Build | Town Center |
| 14:55 | Build | Siege Workshop |
| 15:01 | Create | Villager (Male) |
| 15:22 | Build | House |
| 15:22 | Build | House |
| 15:32 | Research | Wheelbarrow |
| 15:53 | Create | Villager (Male) |
| 15:54 | Create | Villager (Male) |
| 15:59 | Research | Bow Saw |
| 16:15 | Create | Villager (Male) |
| 16:16 | Create | Villager (Male) |
| 16:17 | Create | Villager (Male) |
| 16:27 | Build | House |
| 16:46 | Create | Villager (Male) |
| 16:46 | Create | Villager (Male) |
| 16:46 | Create | Villager (Male) |
| 16:52 | Create | Villager (Male) |
| 16:52 | Create | Villager (Male) |
| 16:56 | Build | House |
| 17:02 | Create | Mangonel |
| 17:05 | Create | Villager (Male) |
| 17:05 | Create | Villager (Male) |
| 17:08 | Build | Farm |
| 17:13 | Build | Farm |
| 17:18 | Create | Villager (Male) |
| 17:22 | Build | Farm |
| 17:36 | Create | Villager (Male) |
| 17:37 | Create | Villager (Male) |
| 17:45 | Build | Stone Wall |
| 17:53 | Build | House |
| 18:08 | Build | Stone Wall |
| 18:18 | Create | Villager (Male) |
| 18:19 | Create | Villager (Male) |
| 18:22 | Create | Mangonel |
| 18:32 | Create | Villager (Male) |
| 18:33 | Create | Villager (Male) |
| 18:44 | Build | Farm |
| 18:48 | Build | Farm |
| 18:48 | Build | Farm |
| 18:48 | Build | Farm |
| 19:09 | Build | Archery Range |
| 19:30 | Build | Stone Wall |
| 20:11 | Build | Stone Wall |
| 20:33 | Create | Mangonel |
| 21:09 | Research | Hand Cart |
| 22:02 | Build | Town Center |
| 22:13 | Create | Villager (Male) |
| 22:14 | Create | Villager (Male) |
| 24:29 | Build | Town Center |
| 24:41 | Build | Mining Camp |
| 25:19 | Build | Stone Wall |
| 26:04 | Build | Farm |
| 26:04 | Build | Farm |
| 26:04 | Build | Farm |
| 26:10 | Build | Farm |
| 26:10 | Build | Farm |
| 26:10 | Build | Farm |
| 26:11 | Build | Farm |
| 26:19 | Build | Stone Wall |
| 27:16 | Build | Mining Camp |
| 27:25 | Create | Villager (Male) |
| 27:25 | Create | Villager (Male) |
| 27:31 | Build | Farm |
| 27:32 | Build | Farm |
| 27:32 | Build | Farm |
| 27:36 | Build | Farm |
| 27:37 | Build | Farm |
| 27:37 | Build | Farm |
| 28:29 | Build | House |
| 28:44 | Create | Villager (Male) |
| 28:44 | Create | Villager (Male) |
| 28:45 | Create | Villager (Male) |
| 28:45 | Create | Villager (Male) |
| 28:45 | Create | Villager (Male) |
| 28:51 | Build | Farm |
| 29:42 | Create | Villager (Male) |
| 29:42 | Create | Villager (Male) |
| 29:43 | Create | Villager (Male) |
| 29:43 | Create | Villager (Male) |
| 29:59 | Build | Stone Wall |
| 30:07 | Create | Villager (Male) |
| 30:08 | Create | Villager (Male) |
| 30:08 | Create | Villager (Male) |
| 30:08 | Create | Villager (Male) |
| 30:42 | Create | Villager (Male) |
| 30:43 | Create | Villager (Male) |
| 30:43 | Create | Villager (Male) |
| 30:43 | Create | Villager (Male) |
| 31:13 | Create | Villager (Male) |
| 31:13 | Create | Villager (Male) |
| 31:14 | Create | Villager (Male) |
| 31:24 | Create | Villager (Male) |
| 31:25 | Create | Villager (Male) |
| 31:35 | Build | House |
| 31:35 | Build | House |
| 31:36 | Build | House |
Build order — Cwark San
First 150 of 344 actions detected
| 0:03 | Research | Loom |
| 0:04 | Create | Villager (Male) ×4 |
| 0:12 | Build | House |
| 0:13 | Build | House |
| 0:40 | Build | House |
| 1:59 | Create | Villager (Male) |
| 2:14 | Build | Lumber Camp |
| 2:33 | Create | Villager (Male) |
| 2:33 | Create | Villager (Male) |
| 2:39 | Create | Villager (Male) |
| 3:25 | Create | Villager (Male) |
| 3:25 | Create | Villager (Male) |
| 3:26 | Create | Villager (Male) |
| 4:21 | Create | Villager (Male) ×2 |
| 4:22 | Create | Villager (Male) ×2 |
| 4:53 | Create | Villager (Male) |
| 5:02 | Create | Villager (Male) ×3 |
| 5:30 | Create | Villager (Male) |
| 5:40 | Build | House |
| 6:13 | Create | Villager (Male) |
| 6:38 | Create | Villager (Male) |
| 7:13 | Build | Mill |
| 8:04 | Research | Feudal Age |
| 8:22 | Build | House |
| 8:23 | Build | House |
| 8:27 | Build | House |
| 8:42 | Create | Villager (Male) ×5 |
| 9:58 | Build | Mining Camp |
| 10:17 | Age | Feudal Age |
| 10:45 | Build | Market |
| 10:47 | Build | Blacksmith |
| 11:08 | Create | Villager (Male) |
| 12:22 | Create | Villager (Male) |
| 12:22 | Create | Villager (Male) |
| 12:29 | Research | Double-Bit Axe |
| 12:31 | Research | Horse Collar |
| 12:58 | Build | Farm |
| 12:59 | Build | Farm |
| 13:00 | Build | Farm |
| 13:02 | Build | Farm |
| 13:03 | Build | Farm |
| 13:04 | Build | Farm |
| 13:14 | Build | Farm |
| 13:18 | Build | Farm |
| 13:19 | Build | Farm |
| 13:25 | Build | Farm |
| 13:26 | Build | Farm |
| 13:26 | Build | Farm |
| 13:33 | Build | Farm |
| 13:38 | Create | Villager (Male) |
| 13:39 | Create | Villager (Male) |
| 13:43 | Build | Farm |
| 13:56 | Create | Villager (Male) |
| 15:01 | Create | Villager (Male) |
| 15:10 | Build | House |
| 15:11 | Build | House |
| 15:44 | Research | Castle Age |
| 15:56 | Build | Barracks |
| 16:02 | Research | Stone Mining |
| 16:28 | Research | Gold Mining |
| 17:12 | Build | Mining Camp |
| 17:24 | Create | Villager (Male) |
| 17:24 | Create | Villager (Male) |
| 17:25 | Create | Villager (Male) |
| 17:54 | Research | Arson |
| 18:18 | Research | Forging |
| 18:24 | Age | Castle Age |
| 18:27 | Build | Town Center |
| 18:44 | Research | Bow Saw |
| 18:55 | Research | Pikeman (upgrade) |
| 19:14 | Create | Villager (Male) |
| 19:14 | Create | Villager (Male) |
| 19:17 | Create | Villager (Male) |
| 19:18 | Create | Villager (Male) |
| 19:57 | Create | Villager (Male) |
| 19:58 | Create | Villager (Male) |
| 19:58 | Create | Villager (Male) |
| 19:58 | Create | Villager (Male) |
| 20:03 | Build | Town Center |
| 20:14 | Build | Farm |
| 20:15 | Build | Farm |
| 20:23 | Create | Villager (Male) |
| 20:23 | Create | Villager (Male) |
| 20:42 | Research | Heavy Plow |
| 20:48 | Build | Farm |
| 21:04 | Create | Villager (Male) ×2 |
| 21:04 | Create | Villager (Male) ×2 |
| 21:17 | Build | Farm |
| 21:20 | Create | Villager (Male) |
| 21:20 | Create | Villager (Male) |
| 21:31 | Create | Villager (Male) |
| 21:40 | Create | Villager (Male) |
| 21:40 | Create | Villager (Male) |
| 21:45 | Build | Farm |
| 21:47 | Build | Farm |
| 21:59 | Build | University |
| 22:04 | Create | Villager (Male) ×3 |
| 22:04 | Create | Villager (Male) ×3 |
| 22:15 | Create | Villager (Male) |
| 22:15 | Create | Villager (Male) |
| 22:21 | Build | Farm |
| 22:22 | Build | Farm |
| 22:24 | Create | Villager (Male) |
| 22:24 | Create | Villager (Male) |
| 22:28 | Build | Farm |
| 22:30 | Create | Villager (Male) |
| 22:30 | Create | Villager (Male) |
| 22:39 | Build | Farm |
| 22:39 | Build | Farm |
| 22:42 | Build | Farm |
| 22:43 | Build | Farm |
| 22:45 | Create | Villager (Male) ×2 |
| 22:45 | Create | Villager (Male) ×2 |
| 22:55 | Build | Farm |
| 23:01 | Research | Scale Mail Armor |
| 23:09 | Build | Castle |
| 23:12 | Create | Villager (Male) |
| 23:19 | Build | Siege Workshop |
| 23:22 | Create | Villager (Male) ×2 |
| 23:22 | Create | Villager (Male) ×2 |
| 23:33 | Build | Farm |
| 23:35 | Create | Villager (Male) ×2 |
| 23:35 | Create | Villager (Male) ×2 |
| 23:43 | Create | Villager (Male) |
| 23:43 | Create | Villager (Male) |
| 23:47 | Build | Farm |
| 23:51 | Build | Farm |
| 23:53 | Create | Villager (Male) ×2 |
| 23:53 | Create | Villager (Male) ×2 |
| 23:58 | Create | Villager (Male) |
| 23:59 | Create | Villager (Male) |
| 23:59 | Create | Villager (Male) |
| 24:05 | Create | Villager (Male) |
| 24:05 | Create | Villager (Male) |
| 24:13 | Build | Monastery |
| 24:15 | Create | Villager (Male) |
| 24:16 | Create | Villager (Male) |
| 24:35 | Build | Mining Camp |
| 24:36 | Create | Villager (Male) ×4 |
| 24:52 | Create | Monk |
| 24:55 | Create | Spearman |
| 24:55 | Create | Spearman |
| 24:59 | Create | Battering Ram |
| 24:59 | Create | Battering Ram |
| 25:02 | Create | Woad Raider ×2 |
| 25:04 | Create | Woad Raider |
| 25:10 | Create | Villager (Male) |
| 25:10 | Create | Villager (Male) |
| 25:15 | Build | Farm |
| 25:16 | Build | Farm |
Match timeline
| 9:11 | Speedy_oWn · first_building Barracks |
| 10:17 | Cwark San · age_up feudal |
| 10:25 | Crozz_1 · age_up feudal |
| 10:32 | Uzbeg AoE · age_up feudal |
| 11:06 | Sadajaru · age_up feudal |
| 11:09 | Speedy_oWn · age_up feudal |
| 11:10 | Speedy_oWn · first_building Stable |
| 11:21 | Daew 優勝者 · age_up feudal |
| 11:35 | Crozz_1 · first_market_sell 100 stone |
| 11:38 | Crozz_1 · first_market_buy 100 food |
| 14:25 | Crozz_1 · age_up castle |
| 14:36 | Sadajaru · age_up castle |
| 14:55 | Cwark San · first_market_sell 500 wood |
| 14:55 | Sadajaru · first_building Siege Workshop |
| 14:57 | Cwark San · first_market_buy 100 food |
| 15:15 | Uzbeg AoE · age_up castle |
| 15:15 | Speedy_oWn · age_up castle |
| 15:16 | Daew 優勝者 · age_up castle |
| 15:20 | Uzbeg AoE · first_building Siege Workshop |
| 15:28 | Crozz_1 · first_building Castle |
| 15:53 | Uzbeg AoE · first_building Monastery |
| 15:56 | Cwark San · first_building Barracks |
| 17:34 | Crozz_1 · first_building Monastery |
| 17:45 | Sadajaru · wall_segment Stone Wall x1 |
| 18:08 | Sadajaru · wall_segment Stone Wall x5 |
| 18:18 | Speedy_oWn · first_building Siege Workshop |
| 18:24 | Cwark San · age_up castle |
| 18:58 | Crozz_1 · first_building Siege Workshop |
| 19:09 | Sadajaru · first_building Archery Range |
| 19:30 | Sadajaru · wall_segment Stone Wall x5 |
| 19:43 | Daew 優勝者 · first_building Monastery |
| 20:05 | Daew 優勝者 · first_market_buy 100 food |
| 20:11 | Sadajaru · wall_segment Stone Wall x1 |
| 20:57 | Daew 優勝者 · first_building Siege Workshop |
| 22:53 | Uzbeg AoE · first_building Castle |
| 23:09 | Cwark San · first_building Castle |
| 23:19 | Cwark San · first_building Siege Workshop |
| 24:13 | Cwark San · first_building Monastery |
| 25:04 | Daew 優勝者 · first_building Castle |
| 25:19 | Sadajaru · wall_segment Stone Wall x10 |
| 25:30 | Daew 優勝者 · first_building Barracks |
| 26:19 | Sadajaru · wall_segment Stone Wall x13 |
| 29:59 | Sadajaru · wall_segment Stone Wall x11 |
| 30:15 | Daew 優勝者 · wall_segment Stone Wall x5 |
| 30:43 | Uzbeg AoE · age_up imperial |
| 31:03 | Speedy_oWn · first_market_sell 100 wood |
| 33:53 | Daew 優勝者 · age_up imperial |
| 33:55 | Daew 優勝者 · first_building Stable |
| 34:26 | Crozz_1 · age_up imperial |
| 34:27 | Speedy_oWn · age_up imperial |
| 35:14 | Sadajaru · first_market_sell 500 wood |
| 36:52 | Cwark San · age_up imperial |
| 37:35 | Crozz_1 · first_building Barracks |
| 38:07 | Crozz_1 · first_building Stable |
| 38:41 | Sadajaru · age_up imperial |
| 39:52 | Daew 優勝者 · tribute_sent a jugador 1 |
| 39:52 | Daew 優勝者 · tribute_sent a jugador 2 |
| 39:52 | Daew 優勝者 · tribute_sent a jugador 4 |
| 39:52 | Daew 優勝者 · tribute_sent a jugador 5 |
| 39:52 | Daew 優勝者 · tribute_sent a jugador 6 |
| 40:40 | Cwark San · first_building Archery Range |
| 41:36 | Uzbeg AoE · wall_segment Stone Wall x1 |
| 43:00 | Uzbeg AoE · first_building Barracks |
| 44:05 | Sadajaru · wall_segment Stone Wall x1 |
| 46:12 | Sadajaru · first_building Stable |
| 47:13 | Daew 優勝者 · first_market_sell 100 wood |
| 47:21 | Uzbeg AoE · resign |
[ AI ANALYSIS · 1 CREDIT ]
What really happened in this match?
Wolo.gg analyzes every decision: build order, eco, micro, common mistakes by bracket. Personalized analysis on WhatsApp or Discord in 30 seconds.
Civ guide
Slavs
Map guide
Arena
Perfil
Speedy_oWn